 Dungeon Crawl Stone Soup version 0.30-a0-540-g0af01429fa (webtiles) character file.

Game seed: 11930192324396579885

23 wormed the Trooper (level 2, 0/24 HPs)
             Began as a Mummy Monk on Dec 25, 2022.
             Was a Believer of Okawaru.
             Slain by a giant cockroach (2 damage)
             ... on level 2 of the Dungeon.
             The game lasted 00:02:59 (1116 turns).

wormed the Trooper (Mummy Monk)                     Turns: 1116, Time: 00:03:00

Health: 0/24       AC:  2    Str: 14    XL:     2   Next: 72%
Magic:  2/2        EV: 12    Int:  9    God:    Okawaru [**....]
Gold:   99         SH:  0    Dex: 14    Spells: 1/1 levels left

rFire   x . .      SeeInvis .    a - +0 short sword
rCold   + . .      Faith    +    (no shield)
rNeg    + + +      Spirit   .    b - +0 robe
rPois   ∞          Reflect  .    (no helmet)
rElec   .          Harm     .    (no cloak)
rCorr   .          Rampage  .    (no gloves)
Will    +....                    (no boots)
Stlth   ++                       (no amulet)
HPRegen 0.24/turn                c - ring of willpower
MPRegen 0.08/turn                (no ring)

@: no status effects
A: cold resistance 1, negative energy resistance 3, torment resistance 2, heat
vulnerability 1, no potions, faith
a: Renounce Religion, Heroism


You were on level 2 of the Dungeon.
You worshipped Okawaru.
Okawaru was pleased with you.
You visited 1 branch of the dungeon, and saw 2 of its levels.

You collected 99 gold pieces.

Inventory:

Hand Weapons
 a - a +0 short sword (weapon)
Armour
 b - a +0 robe (worn)
Jewellery
 c - a ring of willpower (left hand)
Scrolls
 d - a scroll of torment {unknown}
 e - a scroll of amnesia {unknown}


   Skills:
 + Level 3.1 Fighting
 * Level 2.7 Short Blades
 + Level 0.5 Armour
 + Level 2.5 Dodging
 + Level 1.8 Stealth


You had one spell level left.
You didn't know any spells.
Your spell library contained the following spells:

 Spells                   Type           Power      Damage    Failure   Level
 Frozen Ramparts          Ice            0%         1d1       77%         3
 Ice Form                 Ice/Tmut       Unusable   N/A       N/A         4
 Summon Ice Beast         Ice/Summ       Unusable   N/A       N/A         4

Dungeon Overview and Level Annotations

Branches:
Dungeon (2/15)

Altars:
Okawaru


Innate Abilities, Weirdness & Mutations

You are immune to poison.
Your flesh is cold resistant. (rC+)
You are immune to negative energy. (rN+++)
You are immune to unholy pain and torment.
You are vulnerable to heat. (rF-)
You do not drink.
You have a special connection with the divine. (Faith)


Message History

You are too injured to fight recklessly!
You are too injured to fight recklessly!
You are too injured to fight recklessly!
You are too injured to fight recklessly!
You are too injured to fight recklessly!
You are too injured to fight recklessly!
You are too injured to fight recklessly!
You are too injured to fight recklessly!
You are too injured to fight recklessly!
You are too injured to fight recklessly!
You hit the giant cockroach but do no damage.
The bat barely misses you. The giant cockroach misses you.
The adder barely misses you. The adder attacks as you move away!
The adder barely misses you.
The giant cockroach attacks as you move away!
The giant cockroach misses you. The bat hits you.
You hit the adder.
The adder is heavily wounded.
The bat misses you.
The giant cockroach bites you but does no damage.
The adder barely misses you.
You closely miss the adder.
The adder is heavily wounded.
The bat hits you but does no damage. The adder bites you.
The giant cockroach closely misses you. The adder bites you.
* * * LOW HITPOINT WARNING * * *
You closely miss the adder.
The adder is heavily wounded.
The bat closely misses you. The giant cockroach barely misses you.
The adder bites you.
* * * LOW HITPOINT WARNING * * *
You barely miss the adder.
The adder is heavily wounded.
The giant cockroach closely misses you. The adder barely misses you.
You barely miss the adder.
The adder is heavily wounded.
The bat hits you.
* * * LOW HITPOINT WARNING * * *
The giant cockroach bites you.
You die...

#........# #.........
#......... ###.........
######...........
...##...........
########.##...........
####............BS.$.....
#.......###....#@b.......
#.......###....#.........
.>.......................
#..............#.........
#.......####...#.........
#.......# #...####.####.
#####.... .....# .#
#..........# ..
#..........# #.


You could see an adder, a giant cockroach and a bat.

Vanquished Creatures
  A gnoll (D:1)
  A dart slug (D:1)
  A hobgoblin (D:1)
  2 jackals (D:1)
  2 bats (D:1)
  A frilled lizard (D:1)
  3 kobolds (D:1)
  A rat (D:1)
12 creatures vanquished.

Notes
Turn   | Place    | Note
-------+----------+-------------------------------------------
     0 | D:1      | wormed the Mummy Monk began the quest for the Orb.
     0 | D:1      | Reached XP level 1. HP: 18/18 MP: 1/1
     0 | D:1      | Noticed a dwarf
     0 | D:1      | Noticed an octopode
     4 | D:1      | Noticed a vine stalker
     4 | D:1      | Noticed a felid
     6 | D:1      | Noticed an elf
     8 | D:1      | Noticed a ghoul
     9 | D:1      | Noticed a minotaur
    11 | D:1      | Noticed a felid
    11 | D:1      | Noticed a merfolk
    15 | D:1      | Noticed a ghoul
    15 | D:1      | Noticed a naga
    17 | D:1      | Noticed a dwarf
    17 | D:1      | Noticed a demigod
    19 | D:1      | Noticed a vampire
    19 | D:1      | Noticed a demonspawn
    21 | D:1      | Noticed a human
   447 | D:1      | Found a faded altar of an unknown god.
   602 | D:1      | Prayed at the altar of an unknown god.
   602 | D:1      | Became a worshipper of Warmaster Okawaru
   602 | D:1      | Reached * piety under Okawaru
   602 | D:1      | Reached ** piety under Okawaru
   657 | D:1      | Reached XP level 2. HP: 22/24 MP: 2/2
  1116 | D:2      | Slain by a giant cockroach

Illustrated notes

Levels and vault maps discovered:
D:1:      shiori_arrival_whats_in_store_for_you, layout_basic,
          hellmonk_ecumenical_altar_crossroads, kennysheep_small_spiral
D:2:      layout_basic

Action                   || total
-------------------------++-------
Melee: Short sword       ||    72
       Punch             ||     1
Invok: Heroism           ||     1
Armor: Robe              ||    19
Dodge: Dodged            ||    59

Table legend: (Time is in decaauts)
 A = Elapsed time spent in this place.
 B = Non-inter-level travel time spent in this place.
 C = Inter-level travel time spent in this place.
 D = Time resting spent in this place.
 E = Time spent auto-exploring this place.
 F = Levels seen in this place.
 G = Mean time per level.
                   A        B        C        D        E       F      G
               +--------+--------+--------+--------+--------+-----+--------+
         Total |   1106 |   1031 |     75 |     81 |    821 |   2 |  553.0 |
       Dungeon |   1106 |   1031 |     75 |     81 |    821 |   2 |  553.0 |
               +--------+--------+--------+--------+--------+-----+--------+

Top non-repeatable levels by time:
     D:1: 1079 daAuts
     D:2: 27 daAuts
